 Dungeon Crawl Stone Soup version 0.18-a0-1561-g7b1e397 (webtiles) character file.

12338 Eptagon the Spear-Bearer (level 11, -5/93 HPs)
             Began as a Merfolk Gladiator on Mar 12, 2016.
             Was a Priest of Ru.
             Killed from afar by Harold (13 damage)
             ... with a wand of lightning
             ... on level 3 of the Lair of Beasts on Mar 13, 2016.
             The game lasted 00:41:51 (18221 turns).

Eptagon the Spear-Bearer (Merfolk Gladiator)       Turns: 18221, Time: 00:41:51

Health: -5/93      AC: 15    Str: 17    XL:     11   Next: 91%
Magic:  11/11      EV: 16    Int: 16    God:    Ru [***...]
Gold:   481        SH:  0    Dex: 20    Spells: 0 memorised, 10 levels left

rFire  . . .     SeeInvis .     a - +1 glaive
rCold  . . .     Gourm    +     G - +0 chain mail
rNeg   . . .     Faith    .     (shield currently unavailable)
rPois  .         Spirit   .     c - +0 helmet
rElec  .         Dismiss  .     O - +2 cloak
rCorr  .         Reflect  .     (no gloves)
SustAt .         Harm     .     M - +0 pair of boots of the Good {Int+4 Dex+6}
MR     .....                    s - amulet of the gourmand
Stlth  ..........               x - ring of loudness (curse)
                                k - +2 ring of intelligence

@: not resistant to hostile enchantments, extremely unstealthy
A: change form in water, swift swim, no stealth, no conjurations magic, no earth
magic, no necromancy magic, disrupted magic 2, inexperienced 1
a: Draw Out Power, Renounce Religion


You were on level 3 of the Lair of Beasts.
You worshipped Ru.
Ru was most pleased with you.
You were full.

You visited 2 branches of the dungeon, and saw 12 of its levels.

You collected 868 gold pieces.
You spent 387 gold pieces at shops.

Inventory:

Hand Weapons
 a - a +1 glaive (weapon)
 b - a +0 blowgun
Missiles
 d - a throwing net
 m - 9 javelins (quivered)
 I - 23 poisoned needles
Armour
 c - a +0 helmet (worn)
 G - a +0 chain mail (worn)
 M - the +0 pair of boots of the Good (worn) {Int+4 Dex+6}
   (You bought it in a shop on level 9 of the Dungeon)

   It affects your intelligence (+4).
   It affects your dexterity (+6).
 O - a +2 cloak (worn)
Jewellery
 k - a +2 ring of intelligence (left hand)
 s - an amulet of the gourmand (around neck)
 t - an uncursed ring of flight {unknown}
 x - a cursed ring of loudness (right hand)
Wands
 h - a wand of disintegration (14/24)
 v - a wand of teleportation (6/9)
 z - a wand of enslavement (5/24)
 B - a wand of digging (2/24)
 J - a wand of acid (0/15)
Scrolls
 g - 3 scrolls of teleportation
 l - a scroll of magic mapping
 p - 2 scrolls of recharging
 q - 3 scrolls of enchant weapon
 y - 2 scrolls of fear
 A - 4 scrolls of enchant armour
 K - a scroll of blinking
 P - 2 scrolls of identify
Potions
 e - a potion of might
 o - 4 potions of flight
 r - a potion of ambrosia
 u - 2 potions of resistance
 w - 4 potions of curing
 N - a potion of magic
Comestibles
 f - 5 bread rations
 i - 2 beef jerkies
 j - 8 fruits
 n - 2 slices of pizza
 C - 6 meat rations
 D - a royal jelly


   Skills:
 + Level 11.5 Fighting
 - Level 14.3 Polearms
 + Level 6.4 Throwing
 + Level 5.0 Armour
 + Level 13.7 Dodging


You had 10 spell levels left.
You didn't know any spells.

Dungeon Overview and Level Annotations

Branches:
Dungeon (9/15)             Temple (0/1) D:7            Lair (3/8) D:9
  Swamp: Lair:3-6    Shoals: Lair:3-6     Snake: Lair:3-6    Spider: Lair:3-6
    Orc: D:9-12

Altars:
Cheibriados
Elyvilon
Gozag
Makhleb
Nemelex Xobeh
Pakellas
Qazlal
Ru
Sif Muna
Trog
Vehumet
Xom
Yredelemnul
The Shining One

Shops:
D:4 *   D:5 :   D:9 [

Annotations:
Lair:3 Harold


Innate Abilities, Weirdness & Mutations

You revert to your normal form in water.
You are very nimble and swift while swimming.
You cannot be stealthy.
You cannot study or cast Conjurations magic.
You cannot study or cast Earth magic.
You cannot study or cast Necromancy magic.
Your casting is disrupted.
You are somewhat inexperienced (-2 XL).


Message History

Fire/throw which item? (* to show all) (? for menu, Esc to quit)
Press: ? - help, Shift-Dir - straight line, f/p - Harold
Aim: Harold, wielding a battleaxe, wearing a ring mail and carrying a wand of lightning {zapped: 5} (heavily wounded)
You throw a throwing net. The throwing net hits Harold.
Harold is caught in the net!
Harold is heavily wounded.
Harold struggles against the net.
Attack whom?
Press: ? - help, Dir - move target cursor, f/p - Harold
Aim: Harold, wielding a battleaxe, wearing a ring mail and carrying a wand of lightning {zapped: 5} (heavily wounded, entangled in a net)
You reach to attack!
You slash Harold!
Harold is severely wounded.
Harold gestures wildly while chanting.
Harold blinks!
Harold begins to cast a spell, but is stunned by your will!
The porcupine twitches its whiskers.
Harold zaps a wand.
The bolt of lightning misses you.
Harold pauses a moment, imagining something with a smile on his face.
Harold zaps a wand.
The bolt of lightning hits you!
You die...

#...#......#.....
#...#....@.P.....
##....#....P......
#.................
##.............##.
#...........(.....
#......r..........
##....######P.....
#..@## #.....
##...# .....
#....## ..#..
#.....# # #....P#
##....# .. #...##
..... ##..}.#
####.....
#.....####.P#.....


You could see Harold and a porcupine.

Vanquished Creatures
  A hydra (Lair:2)
  A queen ant (Lair:2)
  The ghost of Kiel97 the Skirmisher, a novice MfEn of Gozag (D:6)
  Pikel (D:8)
  Psyche (D:8)
  A black mamba (Lair:2)
  Maurice (D:8)
  4 spiny frogs
  2 komodo dragons
  14 yaks
  A wyvern (Lair:2)
  A hungry ghost (D:7)
  A basilisk (Lair:2)
  2 hippogriffs
  20 soldier ants (Lair:2)
  3 water moccasins
  5 porcupines
  2 hell hounds (D:9)
  3 ice beasts
  4 slaves (D:8)
  5 orc warriors
  A sky beast (D:9)
  A wasp (D:9)
  2 phantoms
  4 ogres
  2 necrophages
  7 crocodiles
  2 big kobolds (D:7)
  6 giant frogs
  A wyvern skeleton (D:7)
  3 scorpions
  The ghost of onwiheg the Slasher, a weakling DgFi (D:3)
  A howler monkey (D:4)
  4 wights (D:7)
  2 electric eels (Lair:1)
  7 crimson imps
  A giant frog zombie (D:6)
  A quasit (D:9)
  A centaur zombie (D:5)
  12 hounds
  3 jellies
  7 orc priests
  2 centaur skeletons
  Terence (D:2)
  Ijyb (D:2)
  15 orc wizards
  5 iguanas
  25 worker ants
  2 worker ant zombies
  15 adders
  6 gnolls
  24 river rats (Lair:2)
  2 shadow imps
  A white imp (D:7)
  An ooze (D:7)
  2 adder zombies
  5 worms
  A dart slug (D:1)
  6 giant geckos
  39 orcs
  A ball python (D:1)
  9 bats
  5 giant cockroaches
  5 goblins
  11 hobgoblins
  6 jackals
  12 kobolds
  4 quokkas
  4 giant newts
  3 quokka skeletons (D:4)
  A quokka zombie (D:8)
  6 rats
363 creatures vanquished.

Vanquished Creatures (collateral kills)
  An orc warrior (D:8)
  4 orcs (D:8)
5 creatures vanquished.

Vanquished Creatures (others)
  A spiny frog (Lair:2)
  2 iguanas
  An orc (D:9)
  5 fungi (Lair:2)
  4 plants
13 creatures vanquished.

Grand Total: 381 creatures vanquished

Notes
Turn   | Place    | Note
--------------------------------------------------------------
     0 | D:1      | Eptagon the Merfolk Gladiator began the quest for the Orb.
     0 | D:1      | Reached XP level 1. HP: 16/16 MP: 1/1
   192 | D:1      | Reached skill level 5 in Polearms
   236 | D:1      | Reached XP level 2. HP: 22/22 MP: 2/2
   964 | D:1      | Reached skill level 6 in Polearms
   964 | D:1      | Reached XP level 3. HP: 27/27 MP: 3/3
  1210 | D:2      | Found a sacrificial altar of Ru.
  1237 | D:2      | Reached skill level 7 in Polearms
  1237 | D:2      | Reached XP level 4. HP: 18/33 MP: 4/4
  1243 | D:2      | Became a worshipper of Ru the Awakened
  1388 | D:2      | Noticed Terence
  1396 | D:2      | Killed Terence
  1523 | D:2      | Noticed Ijyb
  1544 | D:2      | Reached skill level 8 in Polearms
  1544 | D:2      | Reached XP level 5. HP: 26/38 MP: 5/5
  1554 | D:2      | Killed Ijyb
  2020 | D:2      | Found a stormy altar of Qazlal.
  2034 | D:2      | Found a faded altar to an unknown god.
  2294 | D:3      | Noticed onwiheg's ghost (weakling DgFi)
  2295 | D:3      | Upgraded the game from 0.18-a0-1554-g49b38aa to 0.18-a0-1561-g7b1e397
  2297 | D:3      | Killed onwiheg's ghost
  2297 | D:3      | Reached skill level 9 in Polearms
  2446 | D:3      | Reached XP level 6. HP: 44/44 MP: 6/6
  2579 | D:3      | Gained mutation: You cannot be stealthy. [Ru sacrifice]
  3250 | D:3      | Found a deep blue altar of Sif Muna.
  3446 | D:3      | Found a radiant altar of Vehumet.
  3450 | D:3      | Found a shimmering altar of Xom.
  3455 | D:3      | Found a glowing golden altar of the Shining One.
  3588 | D:4      | Reached skill level 10 in Polearms
  3879 | D:4      | Found Cacvimos's Assorted Antiques.
  3882 | D:4      | Bought a scroll labeled XINIEL CAFOR for 32 gold pieces
  3882 | D:4      | Bought a scroll labeled ONITIKHL HENLI for 32 gold pieces
  3882 | D:4      | Bought a bubbling sapphire potion for 28 gold pieces
  4150 | D:4      | Found a stormy altar of Qazlal.
  4152 | D:4      | Noticed a fire elemental
  4153 | D:4      | Noticed a water elemental
  4153 | D:4      | Noticed an air elemental
  4185 | D:4      | Noticed a phantom
  4232 | D:4      | Killed a phantom
  4232 | D:4      | Reached XP level 7. HP: 24/52 MP: 7/7
  4450 | D:4      | Reached skill level 5 in Dodging
  4592 | D:4      | Found a sparkling altar of Nemelex Xobeh.
  5003 | D:5      | Entered Level 5 of the Dungeon
  5261 | D:5      | Found Woerrybb's Book Boutique.
  5270 | D:5      | Reached XP level 8. HP: 60/60 MP: 8/8
  5301 | D:5      | Reached skill level 11 in Polearms
  5318 | D:5      | Gained mutation: Your casting is slightly disrupted. [Ru sacrifice]
  5318 | D:5      | Reached * piety under Ru
  5335 | D:5      | Found a sparkling altar of Nemelex Xobeh.
  5517 | D:5      | Found a sacrificial altar of Ru.
  5676 | D:6      | Noticed Kiel97's ghost (novice MfEn)
  5767 | D:6      | Killed Kiel97's ghost
  5767 | D:6      | Reached skill level 5 in Fighting
  5767 | D:6      | Reached skill level 12 in Polearms
  6052 | D:6      | Reached XP level 9. HP: 38/69 MP: 9/9
  7334 | D:7      | Found an opulent altar of Gozag.
  7789 | D:7      | Reached skill level 13 in Polearms
  7791 | D:7      | Gained mutation: Your casting is disrupted. [Ru sacrifice]
  8059 | D:7      | Found a staircase to the Ecumenical Temple.
  8116 | D:7      | Got a pair of faintly humming gloves
  8122 | D:7      | Identified the cursed -5 pair of gloves "Istyv" {rPois Stlth+} (You found it on level 7 of the Dungeon)
  8301 | D:7      | Reached skill level 10 in Dodging
  8555 | D:8      | Noticed Psyche
  8555 | D:8      | Reached XP level 10. HP: 46/80 MP: 10/10
  8569 | D:8      | Noticed Maurice
  8581 | D:8      | Found a white marble altar of Elyvilon.
  9132 | D:8      | Killed Maurice
  9296 | D:8      | Reached skill level 14 in Polearms
  9829 | D:8      | Noticed Pikel
  9853 | D:8      | Killed Pikel
 10069 | D:8      | Found a basalt altar of Yredelemnul.
 10140 | D:8      | Found a bloodstained altar of Trog.
 10140 | D:8      | Found an oddly glowing altar of Pakellas.
 10235 | D:8      | Killed Psyche
 10235 | D:8      | Reached skill level 1 in Armour
 10448 | D:9      | Found Gynnezirr's Armour Boutique.
 10457 | D:9      | Found a staircase to the Lair.
 10458 | D:9      | Bought the cursed +0 pair of boots of the Good {Int+4 Dex+6} for 295 gold pieces
 11231 | D:9      | Gained mutation: You are somewhat inexperienced (-2 XL). [Ru sacrifice]
 11231 | D:9      | Reached XP level 9. HP: 55/78 MP: 9/9
 11231 | D:9      | Reached XP level 8. HP: 55/72 MP: 8/8
 11231 | D:9      | Reached ** piety under Ru
 11422 | D:9      | Reached XP level 9. HP: 76/78 MP: 9/9
 11480 | D:9      | Found a snail-covered altar of Cheibriados.
 11732 | D:9      | Found a burning altar of Makhleb.
 11883 | Lair:1   | Entered Level 1 of the Lair of Beasts
 12301 | Lair:1   | Reached skill level 10 in Fighting
 12618 | Lair:1   | Reached XP level 10. HP: 30/85 MP: 10/10
 12902 | Lair:1   | Noticed a spiny frog
 12908 | Lair:1   | Killed a spiny frog
 13473 | Lair:2   | Noticed a spiny frog
 13479 | Lair:2   | Killed a spiny frog
 14178 | Lair:2   | Noticed a black mamba
 14209 | Lair:2   | Killed a black mamba
 14518 | Lair:2   | Reached skill level 5 in Throwing
 14551 | Lair:2   | Gained mutation: You cannot study or cast Earth magic. [Ru sacrifice]
 14551 | Lair:2   | Gained mutation: You cannot study or cast Necromancy magic. [Ru sacrifice]
 14551 | Lair:2   | Gained mutation: You cannot study or cast Conjurations magic. [Ru sacrifice]
 14551 | Lair:2   | Reached *** piety under Ru
 14579 | Lair:2   | Noticed a spiny frog
 14802 | Lair:2   | Reached XP level 11. HP: 75/92 MP: 11/11
 14886 | Lair:2   | Noticed a five-headed hydra
 16326 | Lair:2   | Killed a 15-headed hydra
 17055 | Lair:2   | Noticed a queen ant
 17083 | Lair:2   | Killed a queen ant
 17398 | Lair:2   | Reached skill level 5 in Armour
 18192 | Lair:3   | Noticed Harold
 18221 | Lair:3   | Killed from afar by Harold

Vault maps used:
D:1:      onia_arrival_mini_maze_b
D:2:      nicolae_overflow_hidden_temple, ecumenical_altar_2,
          nicolae_ru_great_annihilating_truth, uniq_iyjb, uniq_terence
D:3:      led_sif_pool, minmay_overflow_temple_star_quad, nrook_mini_backslash
D:4:      nemelex_deck, serial_shops, kennysheep_mini,
          nicolae_qazlal_style_of_elements
D:5:      lemuel_doored_altar, serial_shops, shop_fountains, first_bread,
          nemelex_diamond_rough_becter
D:7:      minmay_temple_entry_trees, basic_altar, minmay_fire_ice_demons
D:8:      minmay_goldmine, kennysheep_ying_yang,
          amethyst_overflow_temple_binary, uniq_psyche, uniq_pikel, uniq_maurice
D:9:      marbit_many_paths, minmay_lair_entry_lava, serial_shops, shop,
          basic_altar
Lair:1:   dpeg_stationary_puzzle
Lair:2:   minivault_29
Lair:3:   grunt_forest_large_clearing_hut, lemuel_fruit_tree, uniq_harold

Skill      XL: |  1  2  3  4  5  6  7  8  9 10 11 |
---------------+----------------------------------+-----
Polearms       | 5 6 7 8 9 10 12 13 14 | 14.3
Fighting       | 3 4 6 10 9 11 | 11.5
Dodging        | 6 8 12 11 13 | 13.7
Armour         | 3 5 |  5.0
Throwing       | 3 5 6 |  6.4

Action                   |  1- 3 |  4- 6 |  7- 9 | 10-12 || total
-------------------------+-------+-------+-------+-------++-------
Melee: Trident           |   106 |   261 |    50 |       ||   417
       Glaive            |       |       |   426 |   772 ||  1198
Throw: Javelin           |       |       |    13 |     3 ||    16
       Throwing net      |       |       |     2 |     1 ||     3
Invok: Sacrifice Stealth |       |     1 |       |       ||     1
       Sacrifice Essence |       |       |     2 |       ||     2
       Sacrifice Experie |       |       |     1 |       ||     1
       Sacrifice Arcana  |       |       |       |     1 ||     1
       Draw Out Power    |       |       |       |     2 ||     2
Evoke: Wand              |       |     3 |     6 |    17 ||    26
  Use: Scroll            |       |     6 |    12 |     8 ||    26
       Potion            |       |     1 |     2 |     2 ||     5
 Stab: Distracted        |     1 |       |     1 |     6 ||     8
       Invisible         |     1 |       |     3 |     3 ||     7
       Paralysed         |       |     2 |       |       ||     2
       Held in net/web   |       |       |     1 |       ||     1
  Eat: Chunk             |       |    26 |    23 |    27 ||    76
